 Dungeon Crawl Stone Soup version 0.18.1-50-g88ac8fd (webtiles) character file.

88 Gianozzolo the Insei (level 4, 0/38 HPs)
             Began as a Naga Transmuter on Nov 14, 2017.
             Slain by a worm (7 damage)
             ... on level 3 of the Dungeon.
             The game lasted 00:04:47 (1890 turns).

Gianozzolo the Insei (Naga Transmuter)              Turns: 1890, Time: 00:04:48

Health: 0/38       AC:  5    Str: 12    XL:     4   Next: 54%
Magic:  7/7        EV: 10    Int: 14    God:
Gold:   226        SH:  0    Dex: 12    Spells: 2 memorised, 3 levels left

rFire  . . .     SeeInvis +       - Unarmed
rCold  . . .     Gourm    .     b - +0 robe
rNeg   . . .     Faith    .     (no shield)
rPois  +         Spirit   .     (no helmet)
rElec  .         Dismiss  .     a - +2 cloak
rCorr  .         Reflect  .     (no gloves)
SustAt .         Harm     .     (no barding)
MR     .....                    (no amulet)
Stlth  +.........               (no ring)
                                (no ring)

@: short of breath, very slow, not resistant to hostile enchantments, very
unstealthy
A: see invisible, deformed body, poison resistance, slowness 2, slow metabolism
1, spit poison 2, AC +1
a: Spit Poison


You were on level 3 of the Dungeon.
You were hungry.

You visited 1 branch of the dungeon, and saw 3 of its levels.

You collected 226 gold pieces.

Inventory:

Armour
 a - a +2 cloak (worn)
 b - a +0 robe (worn)
 o - a +0 shield
Jewellery
 f - an uncursed ring of resist corrosion {unknown}
 l - an uncursed ring of protection from magic {unknown}
 q - a cursed -2 ring of intelligence {unknown}
 u - a +4 ring of dexterity {unknown}
Scrolls
 g - 2 scrolls of enchant weapon {unknown}
 k - a scroll of remove curse {unknown}
 n - 3 scrolls of identify {unknown}
 p - a scroll of fear {unknown}
 r - a scroll of noise {unknown}
Potions
 e - a potion of beneficial mutation {unknown}
 h - a potion of lignification {unknown}
 i - 2 potions of might {unknown}
 j - a potion of curing {unknown}
 s - a potion of degeneration {unknown}
 t - a potion of berserk rage {unknown}
Books
 c - a book of Changes

   Spells                             Type                      Level
   a - Beastly Appendage              Transmutation                1
   b - Sticks to Snakes               Transmutation                2
   c - Spider Form                    Transmutation/Poison         3
   d - Ice Form                       Ice/Transmutation            4
   e - Blade Hands                    Transmutation                5
Comestibles
 d - 2 bread rations
 m - 2 beef jerkies


   Skills:
 - Level 1.0 Fighting
 - Level 1.5 Dodging
 - Level 0.4 Stealth
 + Level 4.0 Unarmed Combat
 - Level 2.0 Spellcasting
 * Level 3.4 Transmutations
 + Level 1.3 Poison Magic


You had 3 spell levels left.
You knew the following spells:

 Your Spells              Type           Power        Failure   Level  Hunger
a - Beastly Appendage     Trmt           ##....       10%         1    ##.....
b - Spider Form           Trmt/Pois      #.........   30%         3    ####...


Dungeon Overview and Level Annotations

Branches:
Dungeon (3/15)

Altars:


Innate Abilities, Weirdness & Mutations

You cannot wear boots.
Your serpentine skin is tough (AC +1).
You have supernaturally acute eyesight.
Armour fits poorly on your strangely shaped body.
Your system is resistant to poisons.
You cover ground very slowly.
You have a slow metabolism.
You can spit poison.


Message History

You hit the worm but do no damage.
The worm is severely wounded.
The worm looks more healthy.
Press: ? - help, Shift-Dir - straight line, f/p - worm
Aim: a worm (severely wounded)
The splash of poison hits the worm.
The worm is almost dead.
You feel slightly more hungry. The worm closely misses you.
You barely miss the worm.
The worm is severely wounded.
You have got your breath back.
Press: ? - help, Shift-Dir - straight line, f/p - worm
Aim: a worm (heavily wounded)
The splash of poison hits the worm.
The worm appears unharmed.
The worm is heavily wounded.
You feel slightly more hungry.
You completely miss the worm.
The worm is heavily wounded.
The worm bites you!
You die...

#..........####### #.#
........†........# #.#
..........######.#########.#
........#.# #.##........#
#..>...##.######.##.########
#.#...# #<.............# #
##.. #..#####.##.##.#######
#.. #..# #w##>##.......# #..
#..# #@##.########.# #.##.#
#.# ..##.# #.# #####.# ##.##
#.# #####...# #.###.......#
#.......#...# #####.#.#####
#.#.#


You could see a worm.

Vanquished Creatures
  2 adders (D:2)
  An ooze (D:1)
  A worm (D:2)
  4 dart slugs
  2 giant geckos (D:2)
  4 giant cockroaches
  6 goblins
  8 hobgoblins
  8 bats
  3 giant newts
  6 kobolds
  8 rats
53 creatures vanquished.

Notes
Turn   | Place    | Note
--------------------------------------------------------------
     0 | D:1      | Gianozzolo the Naga Transmuter began the quest for the Orb.
     0 | D:1      | Reached XP level 1. HP: 18/18 MP: 3/3
   295 | D:1      | Reached XP level 2. HP: 11/25 MP: 5/5
   592 | D:1      | Reached XP level 3. HP: 18/31 MP: 4/6
   597 | D:1      | Learned a level 3 spell: Spider Form
  1066 | D:2      | Reached skill level 1 in Poison Magic
  1066 | D:2      | Reached XP level 4. HP: 19/38 MP: 5/7
  1432 | D:2      | Reached skill level 4 in Unarmed Combat
  1890 | D:3      | Slain by a worm

Skill      XL: |  1  2  3  4 |
---------------+-------------+-----
Transmutations | 3 |  3.4
Poison Magic   | 1 |  1.3
Unarmed Combat | 4 |  4.0
Fighting       | |  1.0
Dodging        | |  1.5
Stealth        | |  0.4
Spellcasting   | |  2.0

Action                   |  1- 3 |  4- 6 || total
-------------------------+-------+-------++-------
Melee: Unarmed           |   116 |    31 ||   147
       Headbutt          |     5 |     1 ||     6
       Punch             |     1 |       ||     1
 Cast: Beastly Appendage |    14 |     4 ||    18
       Spider Form       |       |     1 ||     1
 Abil: Spit Poison       |    21 |    11 ||    32
 Stab: Sleeping          |     1 |       ||     1
  Eat: Chunk             |     2 |     2 ||     4
Armor: Robe              |    72 |     5 ||    77
Dodge: Dodged            |    98 |    12 ||   110
